 Dungeon Crawl Stone Soup version 0.28-a0-1435-g82390b3a13 (webtiles) character file.

Game seed: 13522250972168269143

13335 Hasart the Fighter (level 12, -2/86 HPs)
             Began as an Octopode Fighter on Jan 10, 2022.
             Was an Initiate of Gozag.
             Slain by a centaur warrior (4 damage)
             ... on level 13 of the Dungeon.
             The game lasted 00:26:54 (10714 turns).

Hasart the Fighter (Octopode Fighter)              Turns: 10714, Time: 00:26:56

Health: -2/86      AC:  1    Str: 31    XL:     12   Next: 4%
Magic:  12/12      EV: 13    Int: 23    God:    Gozag
Gold:   761        SH:  5    Dex:  6    Spells: 11/11 levels left

rFire   + . .      SeeInvis +   G - +7 Throatcutter {drain, coup de grace}
rCold   . . .      Faith    .   b - +1 buckler
rNeg    . . .      Spirit   .   (helmet restricted)
rPois   +          Reflect  .   o - amulet of regeneration
rElec   .          Harm     .   d - +6 ring of intelligence
rCorr   +          Rampage  .   j - +6 ring of strength
Will    +....                   k - ring "Enocwe Iptuh" {rCorr Slay+3 SInv}
Stlth   ++........              E - ring of protection from cold
HPRegen 1.04/turn               I - ring "Verphoge" {Fire rPois Will+ Str+5 Dex-5}
MPRegen 0.13/turn               t - +6 ring of intelligence
                                (no ring)
                                (no ring)

@: no status effects
A: almost no armour, amphibious, 8 rings, camouflage 1, gelatinous body 1,
(nimble swimmer 1), tentacles
a: Renounce Religion, Potion Petition, Call Merchant, Bribe Branch


You were on level 13 of the Dungeon.
You worshipped Gozag.
Gozag was pleased with you.
You visited 2 branches of the dungeon, and saw 14 of its levels.

You collected 1600 gold pieces.
You spent 189 gold pieces at shops.
You paid 650 gold pieces to Gozag.

Inventory:

Hand Weapons
 a - a +0 trident
 G - the +7 Throatcutter (weapon) {drain, coup de grace}
   (You found it on level 8 of the Dungeon)

   A truly terrible weapon, it drains the life of any living foe it strikes.
   It may instantly kill foes which have little health.
Missiles
 H - 5 throwing nets (quivered)
Armour
 b - a +1 buckler (worn)
Jewellery
 d - a +6 ring of intelligence (left tentacle)
 j - a +6 ring of strength (right tentacle)
 k - the ring "Enocwe Iptuh" (on tentacle) {rCorr Slay+3 SInv}
   (You found it on level 2 of the Dungeon)

   [ring of see invisible]

   Slay:      It affects your accuracy & damage with ranged weapons and melee
   (+3).
   SInv:      It lets you see invisible.
   rCorr:     It protects you from acid and corrosion.
 o - an amulet of regeneration (around mantle)
 t - a +6 ring of intelligence (on tentacle)
 E - a ring of protection from cold (on tentacle)
 I - the ring "Verphoge" (on tentacle) {Fire rPois Will+ Str+5 Dex-5}
   (You bought it in a shop on level 8 of the Dungeon)

   [ring of fire]

   It enhances your fire magic.
   Str:       It affects your strength (+5).
   Dex:       It affects your dexterity (-5).
   rF:        It protects you from fire.
   rC:        It makes you vulnerable to cold.
   rPois:     It protects you from poison.
   Will:      It increases your willpower.
Wands
 u - a wand of flame (26)
 z - a wand of acid (20)
 B - a wand of polymorph (16)
 C - a wand of digging (3)
 D - a wand of iceblast (3)
 M - a wand of paralysis (7)
Scrolls
 e - 4 scrolls of identify
 g - 3 scrolls of noise
 h - a scroll of amnesia
 n - 3 scrolls of silence {unknown}
 r - 9 scrolls of teleportation
 J - a scroll of blinking {unknown}
 K - a scroll of enchant weapon {unknown}
 L - 2 scrolls of enchant armour
Potions
 c - a potion of might
 i - 7 potions of curing
 l - 3 potions of degeneration
 m - a potion of berserk rage {unknown}
 p - a potion of flight
 q - 2 potions of lignification
 s - 2 potions of haste
 v - a potion of ambrosia {unknown}
 w - a potion of cancellation
 x - 3 potions of attraction {unknown}
 F - 3 potions of heal wounds
Miscellaneous
 y - a condenser vane
 A - a lightning rod (4/4)


   Skills:
 + Level 9.6 Fighting
 * Level 9.6 Long Blades
 - Level 8.7 Polearms
 + Level 0.9 Throwing
 - Level 6.6 Dodging
 - Level 6.7 Shields
 + Level 7.6 Evocations


You had 11 spell levels left.
You didn't know any spells.
Your spell library contained the following spells:

 Spells                   Type           Power      Damage    Failure   Level
 Summon Small Mammal      Summ           0%         N/A       21%         1
 Call Canine Familiar     Summ           0%         N/A       52%         3
 Conjure Flame            Conj/Fire      0%         6-21      52%         3
 Dazzling Flash           Conj/Hex       0%         N/A       52%         3
 Ignite Poison            Fire/Tmut/Pois 0%         N/A       52%         3
 Summon Guardian Golem    Hex/Summ       0%         N/A       52%         3
 Iskenderun's Mystic Bla  Conj/Tloc      0%         2d3       89%         4
 Sticky Flame             Conj/Fire      0%         2d3       89%         4
 Starburst                Conj/Fire      0%         6d3       100%        6


Dungeon Overview and Level Annotations

Branches:
Dungeon (13/15)            Temple (1/1) D:6            Lair (0/6) D:11
    Orc (0/2) D:12
 Vaults: D:13-14

Altars:
Ashenzari
Cheibriados
Dithmenos
Elyvilon
Fedhas
Gozag
Hepliaklqana
Kikubaaqudgha
Makhleb
Nemelex Xobeh
Okawaru
Qazlal
Ru
Sif Muna
Trog
Uskayaw
Vehumet
Wu Jian
Xom
Yredelemnul
Zin
The Shining One

Shops:
D:1 :   D:5 [   D:7 (   D:8 :*

Annotations:
D:11 3 runed translucent doors, 6 transporters, RNPValinor's ghost, journeyman DsFi


Innate Abilities, Weirdness & Mutations

You cannot wear most types of armour.
You are amphibious.
You can wear up to eight rings at the same time.
Your skin changes colour to match your surroundings (Stealth+).
Your rubbery body absorbs attacks. (AC +1, EV +1)
((You are camouflaged when in or above water. (Stealth+)))
You have tentacles for arms and can constrict up to eight enemies at once.


Message History

A centaur warrior comes into view.
Found a potion of heal wounds.
Found a stone staircase leading up.
A yaktaur comes into view.
Found a potion of flight.
The centaur warrior shouts!
You hear a shout!
A yaktaur comes into view.
The yaktaur shouts!
You see here a potion of heal wounds.
You slash the centaur warrior!
The centaur warrior is moderately wounded.
The centaur warrior barely misses you. You block the centaur warrior's attack.
The yaktaur wields a +0 arbalest.
The yaktaur shoots a bolt.
The bolt hits you!!
You closely miss the centaur warrior. You squeeze the centaur warrior.
The centaur warrior is moderately wounded.
The centaur warrior barely misses you. The centaur warrior kicks you.
The yaktaur shoots a bolt.
The bolt hits you!
The centaur warrior completely misses you.
The centaur warrior kicks you.
Unknown command.
You slash the centaur warrior! You drain the centaur warrior.
You squeeze the centaur warrior!
The centaur warrior is severely wounded.
The yaktaur wields a +0 arbalest.
The yaktaur shoots a bolt.
The bolt hits you!! The centaur warrior hits you!
* * * LOW HITPOINT WARNING * * *
The centaur warrior kicks you.
* * * LOW HITPOINT WARNING * * *
A yaktaur captain comes into view.
The yaktaur shoots a bolt.
The bolt completely misses you.
The yaktaur captain shouts!
Unknown command.
As you read the scroll of fog, it crumbles to dust.
The scroll dissolves into smoke.
The centaur warrior hits you!
* * * LOW HITPOINT WARNING * * *
The centaur warrior misses you. The centaur warrior hits you.
* * * LOW HITPOINT WARNING * * *
The centaur warrior kicks you.
You die...
Your body crumbles into a pile of gold.

###....... #.........
#....<...# #.....#.#.
#........# ###.........
#........###.......#.#
+........##..#.......#
#........##.##§....#.#!
#........##.##§§§....cc
#........##.##§@§§...c.
#........'..##§c§§.....
#........#####.§§§.....
#####'#### #.........
###..# #.........
#...## #####.####
###'####### .#
........).# ##
..........#


You could see a yaktaur captain, a centaur warrior (drained) and a yaktaur.

Vanquished Creatures
  Harold (D:8)
  A two-headed ogre (D:10)
  3 skeletal warriors
  A deep elf pyromancer (D:12)
  An ugly thing (D:12)
  A cyclops (D:8)
  Maggie (D:6)
  A komodo dragon (D:12)
  2 gargoyles (D:12)
  2 trolls
  A hornet (D:9)
  Sigmund (D:5)
  2 shadows
  11 yaks
  A vampire (D:11)
  4 wraiths
  2 water moccasins (D:6)
  3 acid dragons
  2 sky beasts
  2 orc warriors
  A black bear (D:7)
  A necrophage (D:6)
  6 centaurs
  An ogre (D:5)
  A kobold brigand (D:8)
  Blork the orc (D:4)
  A bullfrog (D:6)
  2 scorpions
  2 wyvern zombies
  A gnoll sergeant (D:5)
  10 killer bees (D:8)
  11 howler monkeys
  4 wights (D:8)
  2 bullfrog zombies (D:6)
  3 centaur zombies
  5 hounds
  3 jellies
  2 bullfrog skeletons (D:5)
  A gnoll shaman (D:7)
  4 orc priests
  A centaur skeleton (D:5)
  5 iguanas
  6 orc wizards
  A hound skeleton (D:4)
  A howler monkey zombie (D:9)
  10 gnolls
  A howler monkey skeleton (D:6)
  9 adders
  A shadow imp (D:7)
  An ufetubus (D:7)
  2 worms
  6 dart slugs
  38 orcs
  5 ball pythons
  7 bats
  8 endoplasms
  6 goblins
  4 hobgoblins
  5 quokkas
  3 frilled lizards
  13 kobolds
  6 rats (D:3)
244 creatures vanquished.

Vanquished Creatures (others)
  A centaur (D:11)
  4 plants (D:11)
  A withered plant (D:1)
6 creatures vanquished.

Grand Total: 250 creatures vanquished

Notes
Turn   | Place    | Note
-------+----------+-------------------------------------------
     0 | D:1      | Hasart the Octopode Fighter began the quest for the Orb.
     0 | D:1      | Reached XP level 1. HP: 16/16 MP: 1/1
   211 | D:1      | Found a faded altar of an unknown god.
   503 | D:1      | Reached XP level 2. HP: 21/21 MP: 2/2
   967 | D:1      | Found Unuc's Book Boutique.
  1164 | D:2      | Found a glowing golden altar of the Shining One.
  1182 | D:2      | Identified the ring "Enocwe Iptuh" {rCorr Slay+3 SInv}
  1231 | D:2      | Reached XP level 3. HP: 24/26 MP: 3/3
  1801 | D:3      | Noticed a sky beast
  1851 | D:3      | Killed a sky beast
  1852 | D:3      | Reached XP level 4. HP: 23/33 MP: 4/4
  1852 | D:3      | Reached XP level 5. HP: 26/37 MP: 5/5
  2678 | D:4      | Reached XP level 6. HP: 43/43 MP: 6/6
  2679 | D:4      | Noticed Blork the orc
  2686 | D:4      | Killed Blork the orc
  3064 | D:4      | Reached XP level 7. HP: 38/48 MP: 7/7
  3328 | D:5      | Entered Level 5 of the Dungeon
  3403 | D:5      | Reached skill level 5 in Polearms
  3586 | D:5      | Found Vecom's Armour Shoppe.
  3915 | D:5      | Reached skill level 5 in Shields
  3915 | D:5      | Reached XP level 8. HP: 43/54 MP: 8/8
  3968 | D:5      | Noticed Sigmund
  3980 | D:5      | Reached skill level 5 in Dodging
  3984 | D:5      | Killed Sigmund
  3985 | D:5      | Reached skill level 5 in Fighting
  4564 | D:6      | Noticed a shadow
  4574 | D:6      | Killed a shadow
  4575 | D:6      | Reached XP level 9. HP: 43/62 MP: 9/9
  4816 | D:6      | Noticed Maggie
  4829 | D:6      | Killed Maggie
  5131 | D:6      | Found a staircase to the Ecumenical Temple.
  5138 | Temple   | Entered the Ecumenical Temple
  5166 | Temple   | Became a worshipper of Gozag Ym Sagoz the Greedy
  5942 | D:7      | Reached skill level 1 in Evocations
  6174 | D:7      | Found Cieray's Antique Weapon Shop.
  6434 | D:8      | Found a shimmering blue altar of Sif Muna.
  6590 | D:8      | Found the +7 Throatcutter {drain, coup de grace}
  6676 | D:8      | Noticed a cyclops
  6686 | D:8      | Reached skill level 1 in Long Blades
  6686 | D:8      | Reached XP level 10. HP: 56/69 MP: 10/10
  6690 | D:8      | Killed a cyclops
  6891 | D:8      | Noticed Harold
  6901 | D:8      | Killed Harold
  7140 | D:8      | Reached skill level 5 in Long Blades
  7244 | D:8      | Found Ohoippol's Book Shop.
  7316 | D:8      | Bought a heavily runed silver ring for 135 gold pieces
  7316 | D:8      | Identified the ring "Verphoge" {Fire rPois Will+ Str+5
                  | Dex-5} (You bought it in a shop on level 8 of the Dungeon)
  7316 | D:8      | Bought a scroll labelled ONUECI YSEM for 27 gold pieces
  7316 | D:8      | Bought a scroll labelled ONUECI YSEM for 27 gold pieces
  8177 | D:10     | Entered Level 10 of the Dungeon
  8221 | D:10     | Reached skill level 5 in Evocations
  8470 | D:10     | Reached XP level 11. HP: 61/77 MP: 11/11
  8628 | D:11     | Noticed a two-headed ogre
  8632 | D:10     | Killed a two-headed ogre
  8729 | D:11     | Noticed a 12-headed hydra
  8729 | D:11     | Noticed RNPValinor's ghost (journeyman DsFi)
  8729 | D:11     | Found a runed translucent gate.
  8729 | D:11     | Found a runed translucent gate.
  8729 | D:11     | Found a runed translucent gate.
  8810 | D:11     | Found a transporter.
  8812 | D:11     | Found a transporter.
  8910 | D:11     | HP: 1/78 [centaur/arrow (8)]
  9135 | D:11     | Found a transporter.
  9137 | D:11     | Found a transporter.
  9157 | D:11     | Noticed a skeletal warrior
  9157 | D:11     | Noticed a skeletal warrior
  9157 | D:11     | Noticed a skeletal warrior
  9251 | D:10     | Killed a skeletal warrior
  9306 | D:11     | Found a staircase to the Lair.
  9366 | D:11     | Found a transporter.
  9367 | D:11     | Found a transporter.
  9408 | D:11     | Killed a skeletal warrior
  9413 | D:11     | Killed a skeletal warrior
  9853 | D:12     | Found a staircase to the Orcish Mines.
 10295 | D:12     | Noticed a deep elf pyromancer
 10300 | D:12     | Killed a deep elf pyromancer
 10375 | D:12     | Noticed a cyan ugly thing
 10384 | D:12     | Killed a cyan ugly thing
 10407 | D:12     | Reached XP level 12. HP: 86/86 MP: 12/12
 10706 | D:13     | Noticed a centaur warrior
 10713 | D:13     | Noticed a yaktaur captain
 10714 | D:13     | HP: 2/86 [centaur warrior (5)]
 10714 | D:13     | Slain by a centaur warrior

Illustrated notes

Levels and vault maps discovered:
D:1:      kilobyte_arrival_exit_the_forest, layout_basic, serial_shops,
          nicolae_shop_behind_doors, shapermc_ecumenical_altar_flowoftime
D:2:      layout_basic, basic_altar
D:3:      layout_basic, st_stairs_10
D:4:      layout_rooms, st_stairs_8, bh_walls_and_bars, uniq_blork_the_orc
D:5:      layout_cave_pods, serial_shops, shop, lightli_minifort, uniq_sigmund
D:6:      layout_cave_pools, minmay_temple_entry_enclosed_plants, uniq_maggie
D:7:      layout_basic, serial_shops, shop, wad_floor_pattern_untrapped
D:8:      layout_basic, nicolae_sif_muna_condensation, serial_shops,
          nicolae_shop_crystal, uniq_harold
D:9:      layout_cave_pods
D:10:     layout_rooms
D:11:     layout_rooms, lair_entry_dummy, gammafunk_ghost_hydra_chop,
          minivault_23, serial_nicolae_subway, nicolae_sub_station_metal,
          nicolae_sub_station_stone, nicolae_sub_station_crystal
D:12:     layout_grid_maze, orc_0_dummy
D:13:     layout_roguey, david_vaults_2, minivault_1, minmay_puff
Temple:   nicolae_temple_the_god_donut

Skill      XL: |  1  2  3  4  5  6  7  8  9 10 11 |
---------------+----------------------------------+-----
Polearms       | 3 4 5 7 8 |  8.7
Fighting       | 4 5 6 8 9 |  9.6
Dodging        | 4 5 6 |  6.6
Shields        | 4 5 6 |  6.7
Evocations     | 2 5 7 |  7.6
Long Blades    | 1 6 9 |  9.6
Throwing       | |  0.9

Action                   |  1- 3 |  4- 6 |  7- 9 | 10-12 || total
-------------------------+-------+-------+-------+-------++-------
Melee: Trident           |    70 |    74 |   245 |       ||   389
       Constrict         |     9 |    13 |    47 |    19 ||    88
       Tentacles         |     5 |    12 |    42 |    45 ||   104
       Punch             |     1 |     1 |     4 |     3 ||     9
       Long sword        |       |       |     6 |   180 ||   186
Invok: Call Merchant     |       |       |       |     1 ||     1
Evoke: Wand              |       |       |       |     4 ||     4
  Use: Scroll            |       |       |       |    17 ||    17
       Potion            |       |       |       |     1 ||     1
 Stab: Sleeping          |    11 |     6 |    11 |     2 ||    30
       Distracted        |       |     2 |     2 |     1 ||     5
Armor: Skin              |     3 |     3 |     5 |     9 ||    20
Dodge: Dodged            |    32 |    23 |   112 |   121 ||   288
Block: Buckler           |     6 |    11 |    42 |    50 ||   109

Table legend: (Time is in decaauts)
 A = Elapsed time spent in this place.
 B = Non-inter-level travel time spent in this place.
 C = Inter-level travel time spent in this place.
 D = Time resting spent in this place.
 E = Time spent auto-exploring this place.
 F = Levels seen in this place.
 G = Mean time per level.
                   A        B        C        D        E       F      G
               +--------+--------+--------+--------+--------+-----+--------+
         Total |  10766 |  10355 |    411 |    455 |   7838 |  14 |  769.0 |
       Dungeon |  10265 |   9892 |    373 |    455 |   7395 |  13 |  789.6 |
        Temple |    500 |    462 |     38 |      0 |    443 |   1 |  500.0 |
               +--------+--------+--------+--------+--------+-----+--------+

Top non-repeatable levels by time:
     D:5: 1159 daAuts
     D:1: 1124 daAuts
    D:12: 1032 daAuts
     D:8: 934 daAuts
     D:3: 909 daAuts
    D:10: 825 daAuts
     D:9: 816 daAuts
     D:7: 780 daAuts
     D:4: 778 daAuts
     D:6: 695 daAuts
    D:11: 629 daAuts
     D:2: 538 daAuts
  Temple: 500 daAuts
    D:13: 41 daAuts
